 Dungeon Crawl Stone Soup version 0.29.1-2-gbd0b4ee654 (console) character file.

Game seed: 16397391382079027093

2 Goreval the Insei (level 1, 0/15 HPs)
             Began as a Merfolk Transmuter on Nov 14, 2022.
             Slain by an adder (1 damage)
             ... on level 2 of the Dungeon.
             The game lasted 00:03:07 (228 turns).

Goreval the Insei (Merfolk Transmuter)               Turns: 228, Time: 00:03:07

Health: 0/15       AC:  2    Str: 10    XL:     1   Next: 40%
Magic:  2/3        EV: 12    Int: 12    God:
Gold:   0          SH:  0    Dex: 14    Spells: 3/4 levels left

rFire   . . .      SeeInvis .     - Unarmed
rCold   . . .      Faith    .   (no shield)
rNeg    . . .      Spirit   .   a - +0 robe
rPois   .          Reflect  .   (helmet currently unavailable)
rElec   .          Harm     .   (no cloak)
rCorr   .          Rampage  .   (no gloves)
Will    .....                   (boots currently unavailable)
Stlth   +.........              (no amulet)
HPRegen 0.05/turn               (no ring)
MPRegen 0.08/turn               (no ring)

@: lethally poisoned (0 -> -4), appendages (expiring)
A: horns 2, (nimble swimmer 2), mertail
a: End Transformation


You were on level 2 of the Dungeon.
You had temporarily grown beastly horns.
You visited 1 branch of the dungeon, and saw 2 of its levels.

Inventory:

Missiles
 d - 6 atropa-tipped darts (quivered)
Armour
 a - a +0 robe (worn)
Scrolls
 c - a scroll of poison {unknown}
Potions
 b - a potion of lignification


   Skills:
 + Level 1.1 Fighting
 + Level 2.7 Dodging
 * Level 3.3 Unarmed Combat
 + Level 2.0 Spellcasting
 * Level 2.7 Transmutations


You had 3 spell levels left.
You knew the following spells:

 Your Spells              Type           Power      Damage    Failure   Level
a - Beastly Appendage     Tmut           14%        N/A       9%          1

Your spell library contained the following spells:

 Spells                   Type           Power      Damage    Failure   Level
 Wereblood                Tmut           7%         N/A       13%         2
 Blink                    Tloc           2%         N/A       38%         2
 Spider Form              Tmut/Pois      4%         N/A       43%         3
 Lesser Beckoning         Tloc           1%         N/A       63%         3
 Ice Form                 Ice/Tmut       4%         N/A       83%         4
 Manifold Assault         Tloc           1%         N/A       100%        5


Dungeon Overview and Level Annotations

Branches:
Dungeon (1/15)

Altars:
Ashenzari


Innate Abilities, Weirdness & Mutations

You have temporarily grown beastly horns.
((You are very nimble when in or above water. (Stealth+, EV+, Speed+++)))
Your lower body shifts to a powerful aquatic tail in water.


Message History

You closely miss the rat. The rat barely misses you.
You hit the rat but do no damage. The rat bites you but does no damage.
You hit the rat.
You kill the rat!
A ball python comes into view.
You see here a rat corpse.
The ball python hisses angrily.
You grow a pair of large bovine horns.
Your transformation is almost over.
You barely miss the ball python. You headbutt the ball python.
The ball python completely misses you. The ball python grabs you.
The ball python constricts you.
You hit the ball python.
You kill the ball python!
You see here a ball python corpse.
You see here a rat corpse.
You start resting.
You start resting.
Your horns disappear.
An adder comes into view.
You grow a pair of large bovine horns.
The adder hisses angrily.
Your transformation is almost over.
The adder bites you.
You are poisoned.
The adder poisons you!
You miss the adder.
You feel sick. The adder barely misses you.
The adder bites you but does no damage.
You barely miss the adder.
You feel sick. The adder barely misses you.
You hit the adder but do no damage.
You feel sick. The adder bites you.
You are lethally poisoned!
The adder poisons you!
You closely miss the adder.
* * * LOW HITPOINT WARNING * * *
You feel sick. The adder bites you.
* * * LOW HITPOINT WARNING * * *
Unknown command.
You hit the adder but do no damage. You punch the adder.
* * * LOW HITPOINT WARNING * * *
You feel sick. The adder completely misses you. The adder bites you.
You die...

#. .##... ........ . #..#..
####... .... ###...###
###.....#
...<.####.......###...#
.....#........#......## #
......>...._.....###.......
.### ...... #.....).##
######## ... #
......###.....### #.###...
##.......##### #####.......
#......### #########.....#
#....##.##
######.........###.## #.#.
#..###......#########
#..### ... #......######
##...# .. #.#.#### ###.# .
...#... ## #.####
#######... .. #....### ####
#. ####†..####### #..
#†........#
###...######.........#
......S@.............#
###########..........#
##.........# #.........#
#.........# #.........#
#########


You could see an adder.

Vanquished Creatures
  A goblin (D:2)
  A ball python (D:2)
  A rat (D:2)
3 creatures vanquished.

Notes
Turn   | Place    | Note
-------+----------+-------------------------------------------
     0 | D:1      | Goreval the Merfolk Transmuter began the quest for the Orb.
     0 | D:1      | Reached XP level 1. HP: 15/15 MP: 3/3
   127 | D:1      | You fall into a shaft and drop 1 floor!
   127 | D:2      | Found a broken altar of Ashenzari.
   228 | D:2      | Slain by an adder

Illustrated notes

Levels and vault maps discovered:
D:1:      kennysheep_arrival_seaside, layout_basic, nrook_campfire,
          chequers_serial_rivers_small_b, minmay_gold_behind_fungi,
          minmay_tromino_v4_c
D:2:      layout_rooms, shapermc_ecumenical_altar_flowoftime, basic_altar

Action                   || total
-------------------------++-------
Melee: Unarmed           ||    12
       Headbutt          ||     1
       Punch             ||     1
 Cast: Beastly Appendage ||     3
Armor: Robe              ||     2
Dodge: Dodged            ||     7
